 Dungeon Crawl Stone Soup version 0.22-a0-293-gc9362ec4a2 (webtiles) character file.

2470 Infinimo the Conjurer (level 9, -3/69 HPs)
             Began as a Demonspawn Fire Elementalist on Mar 24, 2018.
             Was a Follower of Okawaru.
             Shot with a sling bullet by Joseph (13 damage)
             ... on level 7 of the Dungeon.
             The game lasted 00:11:01 (7194 turns).

Infinimo the Conjurer (DsFE)                        Turns: 7194, Time: 00:11:02

Health: -3/69      AC:  5    Str:  9    XL:     9   Next: 26%
Magic:  0/16       EV: 12    Int: 20    God:    Okawaru [*.....]
Gold:   409        SH:  0    Dex: 13    Spells: 4/17 levels left

rFire    + . .     SeeInvis .   e - +1 hunting sling
rCold    x . .     Gourm    .   (no shield)
rNeg     . . .     Faith    .   y - +2 robe {MR+}
rPois    +         Spirit   +   (helmet restricted)
rElec    .         Reflect  .   (no cloak)
rCorr    .         Harm     .   (no gloves)
MR       +....                  (no boots)
Stlth    ++........             (no amulet)
HPRegen  0.21/turn              s - ring of poison resistance
MPRegen  0.15/turn              x - ring of fire

@: no status effects
A: horns 2, rugged brown scales 1, magic shield, rot immunity
a: Heroism, Renounce Religion


You were on level 7 of the Dungeon.
You worshipped Okawaru.
Okawaru was aware of your devotion.
You were not hungry.

You visited 2 branches of the dungeon, and saw 8 of its levels.

You collected 409 gold pieces.

Inventory:

Hand Weapons
 e - a +1 hunting sling (weapon)
Missiles
 d - 189 stones (quivered)
Armour
 y - a +2 robe of magic resistance (worn)
Jewellery
 s - a ring of poison resistance (left hand)
 x - a ring of fire (right hand)
Wands
 j - a wand of disintegration (25)
Scrolls
 a - a scroll of teleportation
 b - 2 scrolls of remove curse
 i - 2 scrolls of amnesia
 m - 2 scrolls of blinking
 o - 4 scrolls of magic mapping
 p - a scroll of fog
 v - a scroll of enchant armour
 w - a scroll of enchant weapon
Potions
 f - a potion of resistance
 h - 3 potions of degeneration
 l - a potion of mutation {unknown}
 n - 5 potions of curing
 q - 6 potions of flight
 r - 2 potions of agility
 u - a potion of haste {unknown}
Comestibles
 c - 13 rations
 g - a chunk of flesh


   Skills:
 + Level 4.8 Fighting
 - Level 1.7 Dodging
 - Level 1.7 Stealth
 + Level 4.9 Spellcasting
 * Level 7.4 Conjurations
 * Level 7.2 Fire Magic


You had 4 spell levels left.
You knew the following spells:

 Your Spells              Type           Power        Failure   Level  Hunger
a - Flame Tongue          Conj/Fire      #####        1%          1    None
b - Conjure Flame         Conj/Fire      ######..     1%          3    ##.....
c - Sticky Flame          Conj/Fire      ######..     6%          4    ####...
d - Fireball              Conj/Fire      ######....   16%         5    ######.


Dungeon Overview and Level Annotations

Branches:
Dungeon (7/15)             Temple (1/1) D:6

Altars:
Ashenzari
Cheibriados
Dithmenos
Elyvilon
Fedhas
Gozag
Hepliaklqana
Kikubaaqudgha
Makhleb
Nemelex Xobeh
Okawaru
Qazlal
Ru
Sif Muna
Trog
Uskayaw
Vehumet
Xom
Zin
The Shining One

Shops:
D:6 =

Annotations:
D:7 Joseph


Innate Abilities, Weirdness & Mutations

You have a pair of horns on your head.
You are partially covered in rugged brown scales. (AC +1, +3% HP)
When hurt, damage is shared between your health and your magic reserves.
You are immune to rotting.


Message History

Press: ? - help, Shift-Dir - straight line, f/p - Joseph
Aim: Joseph, wielding a hunting sling and wearing a leather armour (lightly wounded)
You feel a surge of power!
The flame tongue hits Joseph.
Joseph is lightly wounded.
Joseph shoots a sling bullet.
The sling bullet hits you!
The orc warrior moves out of view.
An orc comes into view.
Joseph shoots a sling bullet.
Joseph shoots a sling bullet.
The sling bullet hits you!
You see here a sling bullet.
Casting: Flame Tongue (safe; 1% risk of failure)
Confirm with . or Enter, or press ? or * to list all spells.
Aiming: Conjure Flame (safe; 1% risk of failure)
Press: ? - help, Dir - move target cursor, p - Joseph You feel a surge of power!
The fire ignites!
Joseph shoots a sling bullet.
The sling bullet hits you!
Joseph shoots a sling bullet.
The sling bullet hits you!!
* * * LOW HITPOINT WARNING * * *
Joseph shoots a sling bullet.
The sling bullet hits you!
You die...

.#
#..........#######
.#
###....#.#.......###
.#
##...#...........#
.#
##).#...######....#
.# ##..####..#
##...# .# #..## ##.#
#...# .# ##.##
#.#### #...# .# #..#
#....####### .# #)##
####@.(#######
.###.# ###...§.@o#
...#.# #######.#
.#.#.### #(##
.#..).÷# #.(#
.###.#....# ##.# .#
#.####...# .@. .#
..# #... ....#
.##.## ## #o...#


You could see Joseph.

Vanquished Creatures
  Pikel (D:7)
  The ghost of dricus the Archer, a novice CeHu of Okawaru (D:5)
  Grinder (D:3)
  Menkaure (D:7)
  A sky beast (D:6)
  3 slaves (D:7)
  An orc warrior (D:7)
  An ice beast (D:5)
  A black bear (D:6)
  A phantom (D:6)
  3 ogres
  A centaur (D:6)
  2 howler monkeys (D:4)
  A bullfrog zombie (D:5)
  A hound (D:4)
  2 orc priests
  2 iguanas
  3 worker ants
  3 orc wizards
  A worker ant zombie (D:6)
  6 gnolls
  A howler monkey skeleton (D:4)
  5 adders
  A shadow imp (D:5)
  An ooze (D:5)
  2 adder zombies
  4 worms
  A dart slug (D:2)
  2 leopard geckos
  17 orcs
  7 giant cockroaches
  5 goblins
  4 hobgoblins
  3 jackals (D:2)
  2 quokkas
  4 ball pythons
  4 bats
  6 frilled lizards
  3 kobolds
  A leopard gecko zombie (D:6)
  A quokka zombie (D:7)
  7 rats
118 creatures vanquished.

Vanquished Creatures (others)
  A slave (D:7)
  A gnoll (D:7)
  4 toadstools (D:1)
6 creatures vanquished.

Grand Total: 124 creatures vanquished

Notes
Turn   | Place    | Note
-------+----------+-------------------------------------------
     0 | D:1      | Infinimo the Demonspawn Fire Elementalist began the quest for the Orb.
     0 | D:1      | Reached XP level 1. HP: 13/13 MP: 3/3
   296 | D:1      | Found a sparkling altar of Nemelex Xobeh.
   460 | D:1      | Gained mutation: You have a pair of small horns on your head. [demonic ancestry]
   460 | D:1      | Reached XP level 2. HP: 20/20 MP: 1/5
  1007 | D:2      | Found a stormy altar of Qazlal.
  1367 | D:2      | Reached XP level 3. HP: 25/25 MP: 3/6
  1518 | D:2      | Reached skill level 1 in Fighting
  1859 | D:2      | Gained mutation: When hurt, damage is shared between your health and your magic reserves. [demonic ancestry]
  1859 | D:2      | Reached XP level 4. HP: 29/32 MP: 3/7
  2195 | D:2      | Found a bloodstained altar of Trog.
  2813 | D:3      | Noticed Grinder
  2814 | D:3      | Paralysed by Grinder for 4 turns
  2824 | D:3      | Killed Grinder
  2824 | D:3      | Gained mutation: You are immune to rotting. [demonic ancestry]
  2824 | D:3      | Reached XP level 5. HP: 38/38 MP: 0/9
  2824 | D:3      | Reached XP level 6. HP: 44/44 MP: 0/10
  2829 | D:3      | Learned a level 3 spell: Conjure Flame
  3581 | D:4      | Gained mutation: You are partially covered in rugged brown scales. (AC +1, +3% HP) [demonic ancestry]
  3581 | D:4      | Reached XP level 7. HP: 46/52 MP: 6/11
  4017 | D:5      | Entered Level 5 of the Dungeon
  4110 | D:5      | Found a hide-covered altar of Uskayaw.
  4135 | D:5      | Reached skill level 5 in Fire Magic
  4255 | D:5      | Noticed dricus's ghost (novice CeHu)
  4302 | D:5      | Killed dricus's ghost
  4302 | D:5      | Reached skill level 5 in Conjurations
  4612 | D:5      | Found a glowing silver altar of Zin.
  4613 | D:5      | Found an ancient bone altar of Kikubaaqudgha.
  4613 | D:5      | Found a shimmering altar of Xom.
  4617 | D:5      | Found a sacrificial altar of Ru.
  4619 | D:5      | Found an iron altar of Okawaru.
  4709 | D:5      | Gained mutation: You have a pair of horns on your head. [demonic ancestry]
  4709 | D:5      | Reached XP level 8. HP: 55/59 MP: 4/13
  4732 | D:5      | Became a worshipper of Warmaster Okawaru
  5161 | D:6      | Learned a level 4 spell: Sticky Flame
  5167 | D:6      | Learned a level 5 spell: Fireball
  5174 | D:6      | Found Fyuskues's Jewellery Shop.
  5417 | D:6      | Found a staircase to the Ecumenical Temple.
  5448 | Temple   | Entered the Ecumenical Temple
  5881 | D:6      | Found a snail-covered altar of Cheibriados.
  5895 | D:6      | Reached * piety under Okawaru
  6496 | D:7      | Noticed Menkaure
  6498 | D:7      | Killed Menkaure
  6856 | D:7      | Noticed Pikel
  6874 | D:7      | Reached XP level 9. HP: 67/67 MP: 6/16
  7009 | D:7      | Killed Pikel
  7176 | D:7      | Noticed Joseph
  7194 | D:7      | Shot with a sling bullet by Joseph

Vault maps used:
D:1:      ldierk_walled_garden_2, minivault_11,
          nemelex_xobeh_ov_fountains_minmay
D:2:      overflow_temple_1_default, lightli_temple_of_fire, minivault_24
D:3:      first_ration, uniq_grinder
D:4:      st_stairs_3, kennysheep_small_square
D:5:      lemuel_doored_altar, lemuel_crystal_altar, grunt_temple_overflow_open,
          hangedman_abyss_or_decor_stagger, kennysheep_potato
D:6:      overflow_temple_1_default, minmay_temple_entry_junction_2,
          serial_shops, nicolae_shop_behind_doors, minmay_misc_feat_tower
D:7:      trog_hazing_becter, uniq_pikel, uniq_menkaure, uniq_duvessa,
          uniq_joseph
Temple:   cyrus_temple_forest

Skill      XL: |  1  2  3  4  5  6  7  8  9 |
---------------+----------------------------+-----
Fire Magic     | 3 4 5 6 7 |  7.2
Conjurations   | 2 3 4 5 6 7 |  7.4
Fighting       | 1 2 3 4 |  4.8
Spellcasting   | 3 4 |  4.9
Dodging        | |  1.7
Stealth        | |  1.7

Action                   |  1- 3 |  4- 6 |  7- 9 || total
-------------------------+-------+-------+-------++-------
Melee: Unarmed           |     5 |       |       ||     5
       Headbutt          |     2 |       |       ||     2
 Fire: Hunting sling     |     6 |    98 |   106 ||   210
 Cast: Flame Tongue      |    64 |    44 |   183 ||   291
       Conjure Flame     |       |     3 |     9 ||    12
  Use: Potion            |     2 |       |       ||     2
       Scroll            |       |       |    14 ||    14
  Eat: Chunk             |     4 |     5 |    12 ||    21
Armor: Robe              |     4 |     2 |    18 ||    24
Dodge: Dodged            |    14 |    23 |    46 ||    83

Table legend:
 A = Spawn XP
 B = Non-spawn XP
 C = Spawn XP percentage of total XP
 D = Spawn monster count
 E = Non-spawn monster count
 F = Spawn count percentage of total count
 G = Total turns spent on level
                    A         B        C        D         E        F      G
               +---------+---------+-------+---------+---------+-------+---------
         Total |       0 |    3529 |   0.0 |       0 |     115 |   0.0 |  7194
               +---------+---------+-------+---------+---------+-------+---------
           D:1 |       0 |      21 |   0.0 |       0 |      13 |   0.0 |  1036
           D:2 |       0 |      87 |   0.0 |       0 |      25 |   0.0 |  1290
           D:3 |       0 |     287 |   0.0 |       0 |      12 |   0.0 |   838
           D:4 |       0 |     390 |   0.0 |       0 |      16 |   0.0 |   853
           D:5 |       0 |     794 |   0.0 |       0 |      10 |   0.0 |   949
           D:6 |       0 |     816 |   0.0 |       0 |      25 |   0.0 |  1306
           D:7 |       0 |    1134 |   0.0 |       0 |      14 |   0.0 |   828
               +---------+---------+-------+---------+---------+-------+---------
